[Event "FISCA Open 2022"]
[Site "Cap Aurora"]
[Date "2022.06.25"]
[Round "4.2"]
[White "Petre, Nad-Titus"]
[Black "Stancu, Ovidiu-Grigore"]
[Result "1-0"]
[ECO "D10"]
[WhiteElo "2297"]
[BlackElo "1867"]
[Annotator "TA"]
[PlyCount "125"]
[EventDate "2022.06.22"]
[EventType "swiss"]
[EventCountry "ROU"]
[SourceTitle "playchess.com"]
[Source "ChessBase"]
[SourceQuality "1"]
[TimeControl "5400+30"]

1. d4 d5 2. Bf4 Nf6 3. e3 c6 4. c4 Qb6 5. Qb3 {[%emt 0:03:30] [#]} Be6 $146 (5... Na6 $11) ({Predecessor:} 5... Qxb3 6. axb3 a6 7. Nc3 Bf5 8. c5 Nbd7 9. b4 Rc8 10. h3 e6 11. Nf3 h6 12. Nd2 {0-1 (52) Tang,A (2512)-Sevian,S (2654) Chess.com INT 2021}) 6. c5 $14 {[%emt 0:00:56] D10: Slav Defence: 3 cxd5 (without early Nf3) and 3 Nc3.} Qxb3 7. axb3 Nbd7 8. b4 {[%emt 0:05:54] White is better.} Nh5 9. Bc7 $1 g6 (9... a6 $142) 10. h3 (10. b5 $142 $1 ) 10... a6 $16 11. Nf3 Nhf6 12. Nbd2 Bg7 13. Nb3 O-O 14. Na5 Rfc8 15. Bh2 b5 (15... Ra7 $1 $14) 16. cxb6 ({Better is} 16. Ra3 $18) 16... Nxb6 17. Ne5 Bd7 18. Rc1 e6 19. Nxd7 (19. Naxc6 Bxc6 20. Rxc6 Rxc6 21. Nxc6 Bf8 $14) (19. Be2 $142) 19... Nbxd7 20. Nxc6 {[%emt 0:00:30] aiming for Ne7+.} (20. Rxc6 Bf8 21. Rc5 e5 $15) 20... Bf8 {[%emt 0:00:30] Inhibits Ne7+.} 21. Rc2 Ne4 ({Black should try} 21... Nb6) 22. Bd3 Nd6 23. b3 {[%emt 0:00:30] Prevents Nc4. White is much more active.} (23. Ke2 $16) 23... Nb5 (23... Nb8 $1 $11 {remains equal.} 24. Nxb8 Rcxb8) 24. Ke2 Na3 25. Rcc1 f5 26. g4 Nb5 27. Bf4 Kf7 28. f3 h6 29. h4 Bg7 30. Rc2 Na3 31. Ra2 Rxc6 32. Rxa3 Bf8 33. Rha1 (33. b5 $18 {and White stays clearly on top.} Rc2+ 34. Bxc2 Bxa3 35. bxa6 (35. Bxh6 axb5 36. Ra1 b4 $16)) 33... Bxb4 34. Rxa6 (34. Ra4 $142 Rb6 35. gxf5 (35. Rxa6 Rbxa6 36. Rxa6 Rxa6 $16) (35. Bxh6 a5 $16)) 34... Rcxa6 35. Rxa6 ({Don't do} 35. Bxa6 Nb8 $14) 35... Rxa6 36. Bxa6 {[%emt 0:00:30][%mdl 4096] Endgame Hoping for gxf5. KBB-KBN} Bf8 (36... fxg4 $142 37. fxg4 Nf6) 37. Bg3 fxg4 38. fxg4 Nf6 39. Kf3 Ne4 {[%emt 0:00:07] [#]} 40. Be1 $1 {[%emt 0:00:10] Against Bb4} g5 {[%emt 0:00:43] [#]} 41. h5 Bd6 42. Ba5 Ke7 (42... Ba3 $142 43. Bd3 Nd6) 43. Bd3 $18 {[%emt 0:00:20] A strong pair of Bishops.} Nf6 44. Bd2 (44. b4 $142) 44... Nd7 (44... Kd7 {keeps fighting.} 45. Ba5 Kc8) 45. e4 dxe4+ 46. Bxe4 ({Less strong is} 46. Kxe4 Nf6+ 47. Kf3 Nd5 $16) 46... Nf6 47. Bc6 e5 $2 (47... Ba3 48. Be1 Kd6) 48. Bc3 exd4 49. Bxd4 Bb4 50. Bb5 Kf7 51. Bc4+ Ke7 52. Be5 Ne8 53. Ke4 Bd6 (53... Nd6+ $142 54. Kd5 Ne8) 54. Bc3 Bf4 55. Kf5 Nd6+ 56. Kg6 Ne4 57. Bb4+ (57. Bg7 $142 Nd2 58. Bxh6) 57... Kd7 58. Kxh6 {[%emt 0:00:40] And now Kg6 would win.} Nf6 59. Be2 Nd5 60. Ba5 Ne7 61. Bc4 {[%emt 0:00:29] White threatens Bc3 and mate.} Be3 62. Bc3 Nc8 63. Bf6 {[%emt 0:00:19] Weighted Error Value: White=0.23 (precise) /Black=0.45} (63. Kg6 $142 Ne7+ 64. Kg7 Bf4 65. h6 Kd6 66. h7 Nd5 67. Bxd5 Kxd5 68. h8=Q) 1-0

[Event "FISCA Open 2022"]
[Site "Cap Aurora"]
[Date "2022.06.25"]
[Round "4.5"]
[White "Girmacea, Bogdan"]
[Black "Trifoi, Mihaela-Ioana"]
[Result "1-0"]
[ECO "D37"]
[WhiteElo "2133"]
[BlackElo "1949"]
[Annotator "RC"]
[PlyCount "67"]
[EventDate "2022.06.22"]
[EventType "swiss"]
[EventCountry "ROU"]
[SourceTitle "playchess.com"]
[Source "ChessBase"]
[SourceQuality "1"]
[TimeControl "5400+30"]

1. d4 d5 2. Nf3 Nf6 3. c4 e6 4. Nc3 Be7 5. Bf4 a6 6. cxd5 exd5 7. Qc2 O-O 8. e3 c6 9. Bd3 Be6 10. Ng5 h6 11. Nxe6 fxe6 12. h3 Bd6 13. O-O-O b5 14. Kb1 a5 15. Ne2 Qe7 16. Rc1 a4 17. Bxd6 Qxd6 18. Nf4 b4 19. Qc5 Qxc5 20. Rxc5 Nfd7 21. Rc2 e5 22. dxe5 Nxe5 23. Rd2 Nbd7 24. Rc1 a3 25. b3 Ra5 26. Ng6 Nxg6 27. Bxg6 Ne5 28. Bh5 Rf6 29. f4 Nd7 30. Bf3 Ra7 31. Rd4 Rb7 32. Rxd5 Ra7 33. Rd3 c5 34. Bg4 1-0

[Event "FISCA Open 2022"]
[Site "Cap Aurora"]
[Date "2022.06.25"]
[Round "4.6"]
[White "Negrean, Andrei"]
[Black "Mintau, Andrei-Catalin"]
[Result "1/2-1/2"]
[ECO "A43"]
[WhiteElo "1846"]
[BlackElo "2130"]
[Annotator "RC"]
[PlyCount "114"]
[EventDate "2022.06.22"]
[EventType "swiss"]
[EventCountry "ROU"]
[SourceTitle "playchess.com"]
[Source "ChessBase"]
[SourceQuality "1"]
[TimeControl "5400+30"]

1. d4 Nf6 2. Nf3 c5 3. d5 b5 4. Bg5 Qb6 5. Bxf6 Qxf6 6. c3 g6 7. e4 Qb6 8. Nbd2 Bg7 9. a4 b4 10. Nc4 Qb7 11. e5 O-O 12. Be2 d6 13. O-O bxc3 14. bxc3 Qc7 15. Ng5 Bxe5 16. Nxe5 dxe5 17. Bf3 Qd7 18. Qb3 Na6 19. Qc4 h6 20. Ne6 Re8 21. Nxc5 Nxc5 22. Qxc5 Ba6 23. Rfc1 Rac8 24. Qe3 Qd6 25. Qxh6 f5 26. h4 e4 27. Bd1 Kf7 28. Qh7+ Kf6 29. h5 gxh5 30. Bxh5 Rh8 31. Qf7+ Kg5 32. Qg7+ Kxh5 33. g4+ fxg4 34. Kg2 Qg6 35. Qe5+ Qg5 36. Rh1+ Kg6 37. Qe6+ Qf6 38. Qxe4+ Qf5 39. Rae1 Rxh1 40. Kxh1 Qxe4+ 41. Rxe4 Kf6 42. Re6+ Kf5 43. Rxa6 Rxc3 44. Rxa7 Ra3 45. Kg2 Kf6 46. a5 Rd3 47. Rd7 Ra3 48. Ra7 Rd3 49. Ra6+ Kf7 50. Ra8 Rxd5 51. a6 Ra5 52. Kg3 Ra4 53. a7 Kg7 54. Kh4 Kf7 55. Kg5 Ke6 56. Kh4 Kf7 57. Kg3 Ke6 1/2-1/2

[Event "FISCA Open 2022"]
[Site "Cap Aurora"]
[Date "2022.06.25"]
[Round "4.7"]
[White "Capragiu, Matei-Stefan"]
[Black "Schiopu, Oana-Magdalena"]
[Result "1-0"]
[ECO "E24"]
[WhiteElo "1925"]
[BlackElo "1683"]
[Annotator "RC"]
[PlyCount "75"]
[EventDate "2022.06.22"]
[EventType "swiss"]
[EventCountry "ROU"]
[SourceTitle "playchess.com"]
[Source "ChessBase"]
[SourceQuality "1"]
[TimeControl "5400+30"]

1. d4 Nf6 2. c4 e6 3. Nc3 Bb4 4. a3 Bxc3+ 5. bxc3 O-O 6. Bg5 d5 7. e3 Nbd7 8. cxd5 exd5 9. Bd3 c5 10. Ne2 Re8 11. O-O Qc7 12. f3 h6 13. Bf4 Qc6 14. Qd2 b5 15. h4 Nb6 16. Ng3 Nc4 17. Qe2 Bb7 18. e4 Rad8 19. e5 Nd7 20. Bc2 Nf8 21. Nh5 Ng6 22. Bg3 Ba6 23. f4 Nf8 24. Qg4 g6 25. Nf6+ Kh8 26. f5 Kg7 27. Nh5+ Kg8 28. fxg6 fxg6 29. Nf6+ Kg7 30. Nh5+ Kg8 31. Rf6 Re6 32. Bxg6 Rxf6 33. Nxf6+ Kh8 34. Qh5 Kg7 35. Bf5 Ne3 36. Bd3 cxd4 37. Bf4 Qxc3 38. Bxh6+ 1-0

[Event "FISCA Open 2022"]
[Site "Cap Aurora"]
[Date "2022.06.25"]
[Round "4.8"]
[White "Rata, Anamaria"]
[Black "Ribarov, Valerij"]
[Result "1/2-1/2"]
[ECO "B80"]
[WhiteElo "1656"]
[BlackElo "1918"]
[Annotator "NA RC"]
[PlyCount "64"]
[EventDate "2022.06.22"]
[EventType "swiss"]
[EventCountry "ROU"]
[SourceTitle "playchess.com"]
[Source "ChessBase"]
[SourceQuality "1"]
[TimeControl "5400+30"]

1. e4 c5 2. Nf3 d6 3. d4 cxd4 4. Nxd4 Nf6 5. Nc3 e6 6. Be3 Be7 7. f3 Nc6 {[%emt 0:00:10] has lost popularity (7...0-0).} 8. g4 {[%emt 0:02:39] [#]} Nxd4 $146 ({Predecessor:} 8... Nd7 $11 {keeps the balance.} 9. Qd2 Bh4+ 10. Bf2 Bxf2+ 11. Qxf2 Nxd4 12. Qxd4 Qh4+ 13. Qf2 Qxf2+ 14. Kxf2 Ke7 15. Be2 {½-½ (38) Eliseev,U (2541)-Korobov,A (2698) Loo 2013}) 9. Qxd4 O-O 10. h4 Bd7 11. O-O-O Bc6 12. h5 Nd7 13. Rg1 Qa5 14. g5 b5 15. Kb1 b4 16. Ne2 Qb6 17. Qd2 Nc5 18. Bh3 g6 19. hxg6 hxg6 20. Nf4 e5 21. Qh2 $18 Kg7 22. Nd5 Bxd5 23. Rxd5 Qc7 24. Bxc5 dxc5 25. Qxe5+ Qxe5 26. Rxe5 Rh8 27. Bg4 Bd6 28. Rd5 Bf4 29. Rgd1 Be3 30. Re1 Bd4 31. e5 Rad8 32. Rxd8 Rxd8 1/2-1/2

[Event "FISCA Open 2022"]
[Site "Cap Aurora"]
[Date "2022.06.25"]
[Round "4.9"]
[White "Stegaroiu, Marcel-Florian"]
[Black "Chicarosie, Ioana-Bianca"]
[Result "1/2-1/2"]
[ECO "A03"]
[WhiteElo "1917"]
[BlackElo "1605"]
[Annotator "RC"]
[PlyCount "77"]
[EventDate "2022.06.22"]
[EventType "swiss"]
[EventCountry "ROU"]
[SourceTitle "playchess.com"]
[Source "ChessBase"]
[SourceQuality "1"]
[TimeControl "5400+30"]

1. f4 d5 2. Nf3 c5 3. b3 Nc6 4. Bb2 Nf6 5. e3 Bg4 6. Be2 Qc7 7. Ne5 Bxe2 8. Qxe2 Nd7 9. Nxd7 Qxd7 10. O-O O-O-O 11. a4 f6 12. d4 e6 13. Nd2 Bd6 14. c3 cxd4 15. cxd4 Nb4 16. Bc3 Kb8 17. Nf3 Rc8 18. Qd2 Qe7 19. Rfc1 Rc6 20. Bb2 Rhc8 21. Rxc6 Rxc6 22. Rc1 Qc7 23. Rxc6 Qxc6 24. Ba3 a5 25. Ne1 b5 26. axb5 Qxb5 27. Nc2 Kb7 28. Bxb4 Bxb4 29. Nxb4 Qxb4 30. Qxb4+ axb4 31. Kf2 Kc6 32. Kf3 f5 33. Kg3 Kd6 34. Kh4 Ke7 35. Kh5 Kf6 36. h3 Ke7 37. Kg5 Kf7 38. Kh4 Kg6 39. Kg3 1/2-1/2

[Event "FISCA Open 2022"]
[Site "Cap Aurora"]
[Date "2022.06.25"]
[Round "4.10"]
[White "Iordache, Alexia-Andreea"]
[Black "Corbu, George-Alexandru"]
[Result "1/2-1/2"]
[ECO "B80"]
[WhiteElo "1658"]
[BlackElo "1914"]
[Annotator "NA RC"]
[PlyCount "52"]
[EventDate "2022.06.22"]
[EventType "swiss"]
[EventCountry "ROU"]
[SourceTitle "playchess.com"]
[Source "ChessBase"]
[SourceQuality "1"]
[TimeControl "5400+30"]

1. e4 c5 2. Nf3 d6 3. d4 cxd4 4. Nxd4 Nf6 5. Nc3 a6 6. f3 e6 7. Be3 b5 $1 8. g4 h6 9. Qd2 b4 10. Nce2 e5 11. Nb3 ({Not} 11. Qxb4 d5 12. Qa4+ Bd7 $17) (11. Nf5 $142) 11... Nc6 12. O-O-O ({Better is} 12. Ng3 $1 $14) 12... Be6 (12... a5 $1 $15) 13. Kb1 (13. Ng3 $142 $1) 13... Qc7 ({Black should try} 13... a5 $11) 14. h4 (14. Ng3 $14) 14... d5 15. exd5 $11 Nxd5 16. f4 Rd8 17. Qc1 Bxg4 18. Re1 Be7 19. fxe5 Nxe3 20. Qxe3 Qxe5 21. Qxe5 Nxe5 22. Ned4 Nf3 23. Nxf3 Bxf3 24. Rh3 Bg4 25. Rhe3 Be6 26. Re4 O-O 1/2-1/2

[Event "FISCA Open 2022"]
[Site "Cap Aurora"]
[Date "2022.06.25"]
[Round "4.11"]
[White "Nicolae, Marian-Valentin"]
[Black "Aldea, Maria-Antonia"]
[Result "1-0"]
[ECO "B25"]
[WhiteElo "1886"]
[BlackElo "1655"]
[Annotator "NA RC"]
[PlyCount "65"]
[EventDate "2022.06.22"]
[EventType "swiss"]
[EventCountry "ROU"]
[SourceTitle "playchess.com"]
[Source "ChessBase"]
[SourceQuality "1"]
[TimeControl "5400+30"]

1. e4 c5 2. Nc3 Nc6 3. g3 g6 4. Bg2 Bg7 5. Nge2 e6 6. d3 Nge7 7. Be3 Nd4 8. O-O d6 9. f4 O-O 10. g4 f5 11. h3 Rb8 12. Ng3 b5 13. Rb1 Bd7 14. Nce2 b4 15. gxf5 exf5 16. c3 Nxe2+ 17. Nxe2 a5 18. e5 dxe5 19. Bxc5 Rb5 20. Qb3+ Kh8 21. cxb4 axb4 22. d4 exd4 23. Bxd4 Bc6 24. Rbd1 Bxd4+ 25. Rxd4 Qb6 26. Qe6 Re8 27. Qf7 Ra5 28. Kh2 Raa8 $18 (28... Ng8 $19 {avoids the disaster.} 29. Rd2 Bb5) 29. Qf6+ Kg8 30. Rd6 Qb7 31. Rxc6 Nxc6 32. Bd5+ Re6 33. Bxe6+ 1-0

[Event "FISCA Open 2022"]
[Site "Cap Aurora"]
[Date "2022.06.25"]
[Round "4.12"]
[White "Nacu, Mihai"]
[Black "Dobra, Costica"]
[Result "1/2-1/2"]
[ECO "A39"]
[WhiteElo "1641"]
[BlackElo "1837"]
[Annotator "NA RC"]
[PlyCount "83"]
[EventDate "2022.06.22"]
[EventType "swiss"]
[EventCountry "ROU"]
[SourceTitle "playchess.com"]
[Source "ChessBase"]
[SourceQuality "1"]
[TimeControl "5400+30"]

1. c4 Nf6 2. Nc3 g6 3. g3 Bg7 4. Bg2 O-O 5. Nf3 c5 6. O-O Nc6 7. d4 cxd4 8. Nxd4 Qb6 9. Nb3 (9. Nc2 $14) 9... Qb4 10. Nd2 (10. c5 $142) 10... Qc5 (10... d6 $11) 11. e3 d6 12. a3 Bg4 13. Qc2 Qh5 14. f3 $15 (14. Rb1 $142) 14... Be6 15. b4 Ne5 16. Rb1 Nxc4 17. Nxc4 Bxc4 18. Re1 Be6 19. Bb2 Rfc8 20. Qf2 a6 21. e4 Rc4 22. Bf1 Rc7 23. Ne2 Rc2 24. Rec1 Rac8 25. Rxc2 Rxc2 26. Nf4 Rxf2 27. Nxh5 Rxb2 28. Rxb2 Nxh5 29. Rc2 Bd4+ 30. Kg2 Bb6 31. Bc4 a5 32. Bxe6 fxe6 33. Rc8+ Kf7 34. Rb8 axb4 35. Rxb7 Be3 36. axb4 d5 37. b5 g5 38. b6 Bd4 39. Rb8 Nf6 40. b7 Be5 41. Rd8 dxe4 42. fxe4 1/2-1/2

[Event "FISCA Open 2022"]
[Site "Cap Aurora"]
[Date "2022.06.25"]
[Round "4.13"]
[White "Bujorean, Dorel"]
[Black "Sprincean, Lukas George"]
[Result "0-1"]
[ECO "D91"]
[WhiteElo "1608"]
[BlackElo "1664"]
[Annotator "NA RC"]
[PlyCount "102"]
[EventDate "2022.06.22"]
[EventType "swiss"]
[EventCountry "ROU"]
[SourceTitle "playchess.com"]
[Source "ChessBase"]
[SourceQuality "1"]
[TimeControl "5400+30"]

1. d4 Nf6 2. c4 g6 3. Nc3 d5 4. Nf3 Bg7 5. Bg5 c5 6. e3 Ne4 7. Bh4 Qa5 8. Qb3 cxd4 9. exd4 Nc6 10. cxd5 Bxd4 11. Rc1 Qc5 12. Rc2 Nb4 13. Bb5+ Bd7 14. Bxd7+ Kxd7 15. Nxd4 Qxd4 16. O-O Nc5 17. Nb5 Nxb3 18. Rc7+ Ke8 19. Rxe7+ Kf8 20. Nxd4 Nxd4 21. Re4 Nbc2 22. Bf6 Kg8 23. Bxd4 f5 24. Rf4 Nxd4 25. Rxd4 Kf7 26. Rc1 Rac8 27. Rc3 Kf6 28. f4 Ke7 29. Rb4 b6 30. Rd4 Kd6 31. Kf2 Rc5 32. Rcd3 Re8 33. b4 Rc2+ 34. Rd2 Rc3 35. R4d3 Rxd3 36. Rxd3 Re4 37. a3 Rxf4+ 38. Kg3 Re4 39. h4 Re5 40. h5 Rxd5 41. Rc3 Kd7 42. hxg6 hxg6 43. Kf4 Rd4+ 44. Ke5 Rg4 45. g3 Re4+ 46. Kf6 Re6+ 47. Kf7 g5 48. Rf3 g4 49. Rxf5 Re3 50. a4 Rxg3 51. a5 Rf3 0-1

[Event "FISCA Open 2022"]
[Site "Cap Aurora"]
[Date "2022.06.25"]
[Round "5.1"]
[White "Ardeleanu, Alin"]
[Black "Petre, Nad-Titus"]
[Result "1-0"]
[ECO "C68"]
[WhiteElo "2290"]
[BlackElo "2297"]
[Annotator "TA"]
[PlyCount "43"]
[EventDate "2022.06.22"]
[EventType "swiss"]
[EventCountry "ROU"]
[SourceTitle "playchess.com"]
[Source "ChessBase"]
[SourceQuality "1"]
[TimeControl "5400+30"]

1. e4 e5 2. Nf3 Nc6 3. Bb5 a6 4. Bxc6 dxc6 5. Nc3 Qf6 6. d4 {[%emt 0:06:08] C68: Ruy Lopez: Exchange Variation, sidelines.} exd4 7. Qxd4 Be6 8. Be3 {[#] White has an edge.} c5 $146 (8... Qxd4 $11 {remains equal.} 9. Nxd4 Nf6) ({Predecessor:} 8... Qxd4 9. Bxd4 Nf6 10. Bxf6 gxf6 11. a3 Rg8 12. Nh4 O-O-O 13. O-O Bd6 14. Rad1 Be5 15. Rxd8+ {½-½ (15) Altenburg,N (1665)-Buenjer,C (1945) DESC email 2001}) 9. Qa4+ $16 c6 {[%emt 0:00:30] [#]} (9... Bd7 $16 {was worth a try.} 10. Qa3 Ne7) 10. O-O-O $1 $18 {Hoping for Bg5.} Be7 11. Nd5 Bxd5 12. exd5 b5 13. Qe4 {Threatens to win with d6.} cxd5 {[%emt 0:00:30] [#]} (13... O-O-O 14. Ne5 (14. dxc6 Qe6 $18) 14... Bd6) 14. Rxd5 Qg6 15. Qxg6 (15. Rf5 $18 {is the precise move to win.} Rc8 16. Rd1 (16. Ne5 Qe6 $14)) 15... hxg6 $16 16. Bxc5 {White is more active.} Rh5 17. Rxh5 gxh5 18. Re1 Rc8 19. Bxe7 Nxe7 20. Re4 f6 21. Re6 Rc6 22. Nd4 {Weighted Error Value: White=0.41/Black=0.48} 1-0

[Event "FISCA Open 2022"]
[Site "Cap Aurora"]
[Date "2022.06.25"]
[Round "5.2"]
[White "Gilea, Lucian"]
[Black "Girmacea, Bogdan"]
[Result "1-0"]
[ECO "A40"]
[WhiteElo "2277"]
[BlackElo "2133"]
[Annotator "TA"]
[PlyCount "57"]
[EventDate "2022.06.22"]
[EventType "swiss"]
[EventCountry "ROU"]
[SourceTitle "playchess.com"]
[Source "ChessBase"]
[SourceQuality "1"]
[TimeControl "5400+30"]

1. d4 e6 2. g3 b5 3. Bg2 d5 4. a4 b4 5. c4 bxc3 6. bxc3 {[%emt 0:00:02] A40: Unusual replies to 1 d4.} Ba6 7. Nf3 Nd7 8. O-O {[%emt 0:02:11] The position is equal.} Ngf6 {[%emt 0:01:17] [#]} 9. Nbd2 $146 ({Predecessor:} 9. Ba3 c5 10. Nbd2 Rc8 11. Rc1 Be7 12. c4 O-O 13. Qb3 Nb6 14. cxd5 c4 15. Qa2 exd5 {½-½ (51) Perelshteyn,E (2528)-Meier,G (2659) Lubbock 2010}) 9... Rb8 10. Re1 Bd6 11. Qc2 O-O 12. c4 h6 ({Better is} 12... c5 $11) 13. c5 $1 $14 Be7 14. Nb3 {[%emt 0:00:22] aiming for Na5.} (14. c6 $5 Nb6 15. Ne5 $14) 14... c6 15. Nfd2 e5 16. dxe5 Nxe5 (16... Ng4 {feels hotter.} 17. f4 Ne3 18. Qc3 Nc4) 17. Nd4 (17. Bb2 $5 Nfd7 18. Bd4 $11) 17... Qc7 18. Nf5 Rfe8 19. Nxe7+ Rxe7 20. Bb2 Rbe8 21. Nf3 Nfd7 22. Qc3 f6 23. Nd4 Nd3 $2 {[%emt 0:01:54][%mdl 8192] This move loses the game for Black.} 24. exd3 $18 Rxe1+ 25. Rxe1 Rxe1+ 26. Qxe1 {[%emt 0:00:03] [#] Hoping for Qe7.} Nxc5 27. Qe8+ Kh7 28. Nxc6 (28. Bh3 $142 Bxd3 29. Ne6) 28... Bxd3 29. Ne7 {[%emt 0:00:21] Weighted Error Value: White=0.13 (very precise) /Black=0.93} 1-0

[Event "FISCA Open 2022"]
[Site "Cap Aurora"]
[Date "2022.06.25"]
[Round "5.3"]
[White "Coca, Cristi-Iulian"]
[Black "Nicolae, Marian-Valentin"]
[Result "1-0"]
[ECO "B15"]
[WhiteElo "2174"]
[BlackElo "1886"]
[Annotator "RC"]
[PlyCount "79"]
[EventDate "2022.06.22"]
[EventType "swiss"]
[EventCountry "ROU"]
[SourceTitle "playchess.com"]
[Source "ChessBase"]
[SourceQuality "1"]
[TimeControl "5400+30"]

1. e4 c6 2. d4 d5 3. Nc3 dxe4 4. Nxe4 Nf6 5. Nxf6+ exf6 6. c3 Bd6 7. Bd3 O-O 8. Qc2 Re8+ 9. Ne2 h6 10. Be3 Qc7 11. h3 Nd7 12. O-O Nf8 13. c4 Ne6 14. f4 Nf8 15. Rf3 g6 16. c5 Be7 17. f5 g5 18. Bf2 Qd7 19. Nc3 b6 20. Ne4 Kg7 21. Re1 Bb7 22. Rfe3 Rad8 23. Ng3 Nh7 24. Qe2 Kf8 25. Qh5 Kg7 26. Bc4 Bf8 27. Bxf7 Qxf7 28. Rxe8 Rxe8 29. Rxe8 bxc5 30. dxc5 Ba6 31. Qxf7+ Kxf7 32. Ra8 Bc4 33. Rxa7+ Kg8 34. a4 Bd3 35. a5 h5 36. a6 h4 37. Nf1 g4 38. Rxh7 g3 39. Be3 Bxa6 40. Rxh4 1-0

[Event "FISCA Open 2022"]
[Site "Cap Aurora"]
[Date "2022.06.25"]
[Round "5.4"]
[White "Breahna, Radu"]
[Black "Negrean, Andrei"]
[Result "1-0"]
[ECO "A14"]
[WhiteElo "2142"]
[BlackElo "1846"]
[Annotator "NA RC"]
[PlyCount "123"]
[EventDate "2022.06.22"]
[EventType "swiss"]
[EventCountry "ROU"]
[SourceTitle "playchess.com"]
[Source "ChessBase"]
[SourceQuality "1"]
[TimeControl "5400+30"]

1. c4 Nf6 2. g3 e6 3. Bg2 d5 4. Nf3 Be7 5. O-O O-O 6. b3 b6 7. Bb2 Bb7 8. d3 Nbd7 9. Nbd2 c5 10. e3 Qc7 11. Qc2 e5 12. cxd5 Nxd5 13. a3 Rac8 14. Nc4 Bf6 15. Rac1 b5 16. Ncd2 Qb8 17. Qb1 N5b6 18. Qa1 Rfe8 19. Rfd1 Nf8 20. h4 h5 21. Bh3 Nbd7 22. Ne4 Bxe4 23. dxe4 Rcd8 24. Rd5 Qb7 25. Rcd1 Nb6 26. Rxd8 Rxd8 27. Rxd8 Bxd8 28. Nxe5 Qxe4 29. Bg2 Qf5 30. Nc6 Bf6 31. Bxf6 Qxf6 32. Qxf6 gxf6 33. Nxa7 c4 34. b4 c3 35. Be4 Nfd7 36. Nxb5 Na4 37. Bc2 Ndb6 38. Kf1 Kf8 39. Ke2 Ke7 40. Kd3 Ke6 41. Bxa4 Nxa4 42. Nxc3 Nb6 43. a4 f5 44. a5 Nd7 45. Kd4 Kd6 46. Nd5 Kc6 47. Ne7+ Kb5 48. Nxf5 Nb8 49. Kc3 Ka4 50. Nd6 f6 51. g4 hxg4 52. h5 Nd7 53. h6 Nf8 54. a6 Ne6 55. h7 g3 56. fxg3 f5 57. h8=Q f4 58. Qe8+ Ka3 59. Nc4+ Ka2 60. Qa4+ Kb1 61. Qc2+ Ka1 62. Qb2# 1-0

[Event "FISCA Open 2022"]
[Site "Cap Aurora"]
[Date "2022.06.25"]
[Round "5.5"]
[White "Mintau, Andrei-Catalin"]
[Black "Angheluta, Ovidiu"]
[Result "1-0"]
[ECO "B01"]
[WhiteElo "2130"]
[BlackElo "1807"]
[Annotator "NA RC"]
[PlyCount "95"]
[EventDate "2022.06.22"]
[EventType "swiss"]
[EventCountry "ROU"]
[SourceTitle "playchess.com"]
[Source "ChessBase"]
[SourceQuality "1"]
[TimeControl "5400+30"]

1. e4 d5 2. exd5 Qxd5 3. Nc3 Qa5 4. d4 c6 5. Nf3 Nf6 6. Ne5 Bf5 7. Bd2 e6 8. g4 Bg6 9. h4 Bb4 10. h5 Bxc3 11. Bxc3 Qd5 12. f3 Nxg4 13. Nxg4 Bxh5 14. Ne5 g6 15. Bc4 Qd6 16. Qd2 Nd7 17. Be2 Nxe5 18. dxe5 Qxd2+ 19. Bxd2 O-O-O 20. Bg5 Rd5 21. Bf6 Re8 22. Rd1 Kd7 23. f4 Rxd1+ 24. Kxd1 Bxe2+ 25. Kxe2 h5 26. Rd1+ Kc7 27. Kf3 c5 28. Rd6 a5 29. Kg3 a4 30. Kh4 b5 31. Kg5 Rc8 32. Kh6 Kb7 33. Kg7 b4 34. Kxf7 c4 35. Kxe6 b3 36. axb3 c3 37. bxc3 a3 38. Rd1 Rxc3 39. Ra1 Rxc2 40. Rxa3 Rf2 41. Ra4 Rf3 42. Rb4+ Kc6 43. Kf7 Kc5 44. Rc4+ Kd5 45. e6 Rxb3 46. Rd4+ Kc5 47. e7 Rb7 48. Kf8 1-0

[Event "FISCA Open 2022"]
[Site "Cap Aurora"]
[Date "2022.06.25"]
[Round "5.7"]
[White "Sprincean, Lukas George"]
[Black "Prisacaru, Stefan-Emilian"]
[Result "0-1"]
[ECO "B06"]
[WhiteElo "1664"]
[BlackElo "1937"]
[Annotator "NA RC"]
[PlyCount "120"]
[EventDate "2022.06.22"]
[EventType "swiss"]
[EventCountry "ROU"]
[SourceTitle "playchess.com"]
[Source "ChessBase"]
[SourceQuality "1"]
[TimeControl "5400+30"]

1. e4 g6 2. d4 Bg7 3. h4 d5 4. e5 c5 5. c3 h5 6. Nf3 Nc6 7. Be2 Bg4 8. dxc5 Bxf3 9. Bxf3 e6 10. Bf4 Nxe5 11. Bxe5 Bxe5 12. Qe2 Bg7 13. Qb5+ Qd7 14. Qxd7+ Kxd7 15. O-O Kc6 16. Nd2 Kxc5 17. c4 Ne7 18. cxd5 exd5 19. Rac1+ Kb6 20. Rfe1 Bf6 21. Re3 a6 22. Rce1 Nc6 23. Bxd5 Rad8 24. Nc4+ Kc7 25. Bxc6 bxc6 26. Rf3 Bxh4 27. Rxf7+ Rd7 28. Rxd7+ Kxd7 29. Ne5+ Kc7 30. Nxg6 Rb8 31. Nxh4 Rxb2 32. Ra1 c5 33. Nf3 Kc6 34. Ne5+ Kd5 35. Nd3 Rd2 36. Nf4+ Kd4 37. Kf1 c4 38. Ke1 Rb2 39. Nxh5 c3 40. Ng3 c2 41. Ne2+ Kd3 42. Nc1+ Kc3 43. Ne2+ Kd3 44. Rc1 Rxa2 45. Nf4+ Kc3 46. Nd5+ Kc4 47. Nb6+ Kd3 48. Nd5 Rb2 49. Nf4+ Kc3 50. Nd5+ Kd3 51. Nf4+ Kc3 52. Ne2+ Kd3 53. g4 Rb4 54. f3 a5 55. g5 Rh4 56. Ng3 Rh3 57. Kf2 Rh2+ 58. Kg1 Rd2 59. Ne2 Kxe2 60. g6 Rd1+ 0-1

[Event "FISCA Open 2022"]
[Site "Cap Aurora"]
[Date "2022.06.25"]
[Round "5.8"]
[White "Puia, Alexia-Teodora"]
[Black "Capragiu, Matei-Stefan"]
[Result "0-1"]
[ECO "D01"]
[WhiteElo "1787"]
[BlackElo "1925"]
[Annotator "NA RC"]
[PlyCount "52"]
[EventDate "2022.06.22"]
[EventType "swiss"]
[EventCountry "ROU"]
[SourceTitle "playchess.com"]
[Source "ChessBase"]
[SourceQuality "1"]
[TimeControl "5400+30"]

1. d4 Nf6 2. Nc3 d5 3. Bg5 Nbd7 4. f3 h6 5. Bxf6 Nxf6 6. e4 e6 7. e5 Nd7 8. f4 c5 9. Nf3 cxd4 10. Nxd4 Bb4 11. Qg4 O-O 12. h4 Qb6 13. Rd1 Nc5 14. Rh3 Ne4 15. Be2 f6 16. Rf3 fxe5 17. fxe5 Bd7 18. a3 Rxf3 19. Bxf3 Nxc3 20. bxc3 Bxc3+ 21. Kf1 Rf8 22. Kg1 Rf5 23. Kh2 Bxd4 24. Rxd4 Qc7 25. c4 Qxe5+ 26. Kh3 h5 0-1

[Event "FISCA Open 2022"]
[Site "Cap Aurora"]
[Date "2022.06.25"]
[Round "5.9"]
[White "Trifoi, Mihaela-Ioana"]
[Black "Miron, Iurii"]
[Result "1-0"]
[ECO "B13"]
[WhiteElo "1949"]
[BlackElo "1769"]
[Annotator "NA RC"]
[PlyCount "95"]
[EventDate "2022.06.22"]
[EventType "swiss"]
[EventCountry "ROU"]
[SourceTitle "playchess.com"]
[Source "ChessBase"]
[SourceQuality "1"]
[TimeControl "5400+30"]

1. e4 c6 2. d4 d5 3. exd5 cxd5 4. Bd3 Nc6 5. c3 Nf6 6. Bf4 Bg4 7. Qb3 Qd7 8. Nd2 e6 9. Ngf3 Bxf3 10. Nxf3 Bd6 11. Be5 Ng4 12. Bxd6 Qxd6 13. O-O O-O 14. h3 Nf6 15. Rae1 Qc7 16. Qc2 Rab8 17. Ng5 g6 18. Qd2 b5 19. f4 b4 20. Nf3 bxc3 21. bxc3 Ne7 22. Ne5 Nf5 23. Kh2 Nd6 24. Qf2 Nfe4 25. Bxe4 Nxe4 26. Qh4 h5 27. Rf3 Rb2 28. Rxe4 dxe4 29. Rg3 Kg7 30. Qxh5 Rh8 31. Qg4 Rh6 32. c4 Qd8 33. Qd1 Rh4 34. d5 Rxf4 35. Qd4 Qb6 36. c5 Qb4 37. Qxb4 Rxb4 38. d6 Rb1 39. c6 Rff1 40. Ra3 Rfd1 41. d7 Rbc1 42. Nd3 exd3 43. d8=Q d2 44. Kg3 Rxc6 45. Qd4+ e5 46. Qxe5+ Rf6 47. Rf3 Re1 48. Qxf6+ 1-0